 Dungeon Crawl Stone Soup version 0.26-a0-854-gdc81c2f471 (webtiles) character file.

Game seed: 155893014934552751

167 iamoutofideas the Ruffian (level 5, -6/48 HPs)
             Began as a Troll Hunter on Nov 23, 2020.
             Mangled by an iguana (11 damage)
             ... on level 4 of the Dungeon.
             The game lasted 00:01:34 (2367 turns).

iamoutofideas the Ruffian (Troll Hunter)            Turns: 2367, Time: 00:01:35

Health: -6/48      AC:  6    Str: 21    XL:     5   Next: 23%
Magic:  4/4        EV: 10    Int:  7    God:
Gold:   204        SH:  0    Dex: 10    Spells: 4/4 levels left

rFire    . . .     SeeInvis .     - Unarmed
rCold    . . .     Faith    .   (no shield)
rNeg     . . .     Spirit   .   b - +0 robe
rPois    .         Reflect  .   (helmet restricted)
rElec    .         Harm     .   (no cloak)
rCorr    .         Rampage  .   (gloves unavailable)
MR       .....                  (boots unavailable)
Stlth    +.........             (no amulet)
HPRegen  0.56/turn              (no ring)
MPRegen  0.09/turn              (no ring)

@: lethally poisoned (-6 -> -7), flying
A: large, unfitting armour, claws 3, regeneration 1, shaggy fur 1, tough skin 3
a: no special abilities


You were on level 4 of the Dungeon.
You visited 1 branch of the dungeon, and saw 4 of its levels.

You collected 204 gold pieces.

Inventory:

Missiles
 c - 5 large rocks (quivered)
 d - 2 throwing nets
Armour
 b - a +0 robe (worn)
Scrolls
 e - 2 scrolls of fear {unknown}
 g - 6 scrolls of identify {unknown}
 i - 2 scrolls of noise {unknown}
 j - 3 scrolls of remove curse {unknown}
 k - a scroll of blinking {unknown}
 m - 2 scrolls of teleportation {unknown}
 o - a scroll of magic mapping {unknown}
 p - a scroll of enchant weapon {unknown}
 q - a scroll of random uselessness {unknown}
Potions
 a - a potion of might {unknown}
 f - 2 potions of flight
 h - 3 potions of curing {unknown}
 l - 2 potions of cancellation {unknown}
 n - 2 potions of lignification {unknown}


   Skills:
 - Level 1.5 Fighting
 - Level 3.6 Throwing
 - Level 1.5 Dodging
 - Level 0.3 Stealth
 + Level 5.0 Unarmed Combat


You had 4 spell levels left.
You didn't know any spells.
Your spell library was empty.

Dungeon Overview and Level Annotations

Branches:
Dungeon (4/15)
 Temple: D:4-7

Altars:
Dithmenos


Innate Abilities, Weirdness & Mutations

You are too large for most types of armour.
You have claws for hands.
Your natural rate of healing is unusually fast.
You are covered in fur. (AC +1)
You have extremely tough skin. (AC +3)


Message History

The iguana is moderately wounded.
The iguana bites you!
You are too injured to fight recklessly!
You are too injured to fight recklessly!
You barely miss the iguana. Your claw misses the iguana.
The iguana is moderately wounded.
The iguana bites you.
You barely miss the iguana.
The iguana is moderately wounded.
You feel sick.
You scratch the iguana.
The iguana is heavily wounded.
The iguana bites you!
* * * LOW HITPOINT WARNING * * *
An orc wizard comes into view. It is wielding a +0 dagger.
You feel sick.
It was a potion of flight.
You feel very buoyant.
You fly up into the air.
The iguana bites you!
You die...

#.... ##.#.# ....###
### .. ......# ##
#.. ..#....#.##..o
#.# #.##.#........
#.# #.##.#...o.# #.#
#.##.#l### #.#
#.##.#@..# #.#
#.##)†.†#..# #.##
#......## ##
...########†.#...#
............>#.##..#
...#####.......# .##
#<## #.###....#..
#.######.# #.#...##.
....<....#
#.###...##


You could see an iguana.

Vanquished Creatures
  A hound (D:4)
  2 worker ants (D:4)
  2 adders
  A worm (D:2)
  A dart slug (D:1)
  4 leopard geckos
  An orc (D:4)
  4 bats
  2 giant cockroaches
  9 goblins
  5 hobgoblins
  2 jackals (D:4)
  7 kobolds
  2 quokkas (D:2)
  2 ball pythons
  5 frilled lizards
  A quokka skeleton (D:4)
  6 rats
57 creatures vanquished.

Notes
Turn   | Place    | Note
-------+----------+-------------------------------------------
     0 | D:1      | iamoutofideas the Troll Hunter began the quest for the Orb.
     0 | D:1      | Reached XP level 1. HP: 19/19 MP: 0/0
    42 | D:1      | Reached skill level 1 in Unarmed Combat
   249 | D:1      | Reached XP level 2. HP: 27/27 MP: 1/1
   348 | D:1      | Reached skill level 2 in Unarmed Combat
   956 | D:2      | Reached XP level 3. HP: 29/33 MP: 2/2
  1062 | D:2      | Reached skill level 3 in Unarmed Combat
  1920 | D:3      | Found a shadowy altar of Dithmenos.
  2253 | D:3      | Reached XP level 4. HP: 40/41 MP: 3/3
  2319 | D:4      | Reached skill level 4 in Unarmed Combat
  2335 | D:4      | Reached XP level 5. HP: 34/48 MP: 4/4
  2359 | D:4      | Reached skill level 5 in Unarmed Combat
  2367 | D:4      | Mangled by an iguana

Illustrated notes

Levels and vault maps discovered:
D:1:      co_arrival_random_square_maze, layout_basic
D:2:      layout_loops_corners, kennysheep_generic_room_7
D:3:      layout_basic, general_overflow_altar
D:4:      layout_loops_ring, old_standard_altar, minmay_misc_feat_encased,
          minmay_pentomino_pile

Skill      XL: |  1  2  3  4  5 |
---------------+----------------+-----
Unarmed Combat | 1 2 3 4 5 |  5.0
Fighting       | |  1.5
Throwing       | |  3.6
Dodging        | |  1.5
Stealth        | |  0.3

Action                   |  1- 3 |  4- 6 || total
-------------------------+-------+-------++-------
Melee: Unarmed           |   134 |    32 ||   166
  Use: Potion            |       |     1 ||     1
 Stab: Sleeping          |     1 |       ||     1
Armor: Robe              |    52 |    16 ||    68
Dodge: Dodged            |    58 |    21 ||    79

Table legend: (Time is in decaauts)
 A = Elapsed time spent in this place.
 B = Non-inter-level travel time spent in this place.
 C = Inter-level travel time spent in this place.
 D = Time resting spent in this place.
 E = Time spent auto-exploring this place.
 F = Levels seen in this place.
 G = Mean time per level.
                   A        B        C        D        E       F      G
               +--------+--------+--------+--------+--------+-----+--------+
         Total |   2358 |   2273 |     85 |      8 |   1932 |   4 |  589.5 |
       Dungeon |   2358 |   2273 |     85 |      8 |   1932 |   4 |  589.5 |
               +--------+--------+--------+--------+--------+-----+--------+

Top non-repeatable levels by time:
     D:2: 791 daAuts
     D:1: 777 daAuts
     D:3: 715 daAuts
     D:4: 74 daAuts
